 Dungeon Crawl Stone Soup version 0.26.1-11-gd32895ea62 (webtiles) character file.

Game seed: 18311599613854414222

126 jlumianski the Caller (level 4, -2/18 HPs)
             Began as a Felid Summoner on May 8, 2021.
             Was a Follower of Dithmenos.
             Slain by Grinder (5 damage)
             ... while paralysed by Grinder
             ... on level 4 of the Dungeon on May 10, 2021.
             The game lasted 00:31:31 (5215 turns).

jlumianski the Caller (Felid Summoner)              Turns: 5215, Time: 00:31:32

Health: -2/18      AC:  1    Str:  4    XL:     4   Next: 84%
Magic:  3/9        EV:  4    Int: 17    God:    Dithmenos [*.....]
Gold:   204        SH:  0    Dex: 16    Spells: 3/9 levels left
                                        Lives:  0   Deaths: 1

rFire    . . .     SeeInvis +   (weapon unavailable)
rCold    . . .     Faith    .   (shield unavailable)
rNeg     . . .     Spirit   .   (armour unavailable)
rPois    +         Reflect  .   (helmet unavailable)
rElec    .         Harm     .   (cloak unavailable)
rCorr    .         Rampage  .   (gloves unavailable)
Will     .....                  (boots unavailable)
Stlth    +++.......             (no amulet)
HPRegen  0.06/turn              k - ring of poison resistance
MPRegen  0.11/turn              r - +4 ring of evasion

@: paralysed, wreathed by umbra, quick
A: very small, no armour, no weapons or thrown items, stealth, claws 1, fangs 3,
see invisible, speed 1, shaggy fur 1, sharp paws
a: Renounce Religion


You were on level 4 of the Dungeon.
You worshipped Dithmenos.
Dithmenos was aware of your devotion.
You visited 1 branch of the dungeon, and saw 4 of its levels.

You collected 204 gold pieces.

Inventory:

Jewellery
 k - a ring of poison resistance (left paw)
 m - an uncursed ring of wizardry
 r - a +4 ring of evasion (right paw)
 t - an uncursed ring of protection from cold
Scrolls
 a - a scroll of identify
 c - a scroll of remove curse {unknown}
 d - a scroll of immolation {unknown}
 f - 2 scrolls of teleportation {unknown}
 g - a scroll of fear {unknown}
 n - a scroll of amnesia {unknown}
 p - a scroll of enchant armour {unknown}
Potions
 b - a potion of attraction {unknown}
 e - a potion of resistance {unknown}
 h - a potion of mutation {unknown}
 i - a potion of magic {unknown}
 j - a potion of cancellation {unknown}
 l - a potion of brilliance {unknown}
 o - a potion of ambrosia {unknown}
 q - 2 potions of might {unknown}
 s - a potion of lignification {unknown}


   Skills:
 + Level 2.9 Dodging
 + Level 2.9 Stealth
 + Level 3.3 Spellcasting
 + Level 5.7 Summonings


You had 3 spell levels left.
You knew the following spells:

 Your Spells              Type           Power        Failure   Level
a - Summon Small Mammal   Summ           88%          1%          1
b - Call Imp              Summ           22%          2%          2
c - Call Canine Familiar  Summ           22%          4%          3

Your spell library contained the following spells:

 Spells                   Type           Power        Failure   Level
 Summon Guardian Golem    Hex/Summ       12%          16%         3
 Summon Ice Beast         Ice/Summ       12%          45%         4
 Summon Lightning Spire   Summ/Air       12%          45%         4


Dungeon Overview and Level Annotations

Branches:
Dungeon (4/15)
 Temple: D:4-7

Altars:
Dithmenos
Qazlal
Ru
Vehumet
Wu Jian

Annotations:
D:4 Grinder


Innate Abilities, Weirdness & Mutations

You cannot wear armour.
You are incapable of wielding weapons or throwing items.
Your paws allow you to move quietly. (Stealth)
You have sharp claws.
You have razor-sharp teeth.
You have supernaturally acute eyesight. (SInv)
You cover ground quickly.
You are covered in fur. (AC +1)
Your sharp claws are effective at attacking unaware monsters.


Message History

Your crimson imp blinks!
Your bat barely misses Grinder.
Grinder hits your bat.
Your bat dies!
Your bat's corpse disappears in a puff of smoke!
You hear a shout!
You swap places.
Grinder says, "What is the universe for?"
Grinder blinks!
Your crimson imp blinks!
Grinder gestures at you.
You suddenly lose the ability to move!
Grinder barely misses you. Grinder hits you.
You writhe in agony.
* * * LOW HITPOINT WARNING * * *
Grinder gestures at you.
You struggle to resist.
Grinder hits you.
* * * LOW HITPOINT WARNING * * *
You writhe in agony.
You die...

...##.#...#.#..#.########.# .. .
....#...>...#..#.########.# .#..
###.#.......#...........ยง.###...#
#.........##................#
###.......####.##############
#####......## #.# ......#...## #.#
#####.##.## #5# #####.##.#######@#
.......).......5.#
##################


You could see Grinder and a friendly crimson imp (summoned).

Vanquished Creatures
  2 bats
2 creatures vanquished.

Vanquished Creatures (collateral kills)
  An orc wizard (D:3)
  An orc priest (D:3)
  A bullfrog skeleton (D:4)
  An iguana (D:4)
  2 worker ants (D:4)
  3 adders
  2 oozes
  An adder skeleton (D:4)
  A worm (D:1)
  2 dart slugs
  2 leopard geckos (D:1)
  8 orcs (D:3)
  2 ball pythons (D:1)
  6 giant cockroaches
  7 goblins
  6 hobgoblins
  3 jackals (D:1)
  13 kobolds
  2 quokkas
  15 bats
  5 frilled lizards
  9 rats
93 creatures vanquished.

Vanquished Creatures (others)
  7 plants (D:3)
7 creatures vanquished.

Grand Total: 102 creatures vanquished

Notes
Turn   | Place    | Note
-------+----------+-------------------------------------------
     0 | D:1      | jlumianski the Felid Summoner began the quest for the Orb.
     0 | D:1      | Reached XP level 1. HP: 7/7 MP: 4/4
   399 | D:1      | Reached XP level 2. HP: 11/11 MP: 1/6
   402 | D:1      | Learned a level 2 spell: Call Imp
  1285 | D:1      | Reached XP level 3. HP: 2/14 MP: 4/7
  2112 | D:2      | Found a stormy altar of Qazlal.
  2471 | D:2      | Learned a level 3 spell: Call Canine Familiar
  3065 | D:3      | Found a faded altar of an unknown god.
  3125 | D:3      | Found a sacrificial altar of Ru.
  3128 | D:3      | Found a shadowy altar of Dithmenos.
  3193 | D:3      | Became a worshipper of Dithmenos the Shadowed
  3381 | D:3      | Reached skill level 5 in Summonings
  3381 | D:3      | Reached XP level 4. HP: 18/18 MP: 6/9
  3407 | D:3      | Killed from afar by an orc wizard
  3408 | D:3      | Reached XP level 3. HP: -2/14 MP: 7/8
  3857 | D:3      | Found an ornate altar of the Wu Jian Council.
  3857 | D:3      | Found a radiant altar of Vehumet.
  4398 | D:4      | Reached XP level 4. HP: 18/18 MP: 9/9
  4486 | D:4      | Reached * piety under Dithmenos
  5024 | D:4      | Noticed Grinder
  5211 | D:4      | Paralysed by Grinder for 4 turns
  5215 | D:4      | Slain by Grinder

Illustrated notes

Levels and vault maps discovered:
D:1:      scummos_arrival_gate, layout_rooms
D:2:      layout_rooms, grunt_qazlal_sundering
D:3:      layout_loops_cross, gammafunk_temple_overflow_elements,
          chequers_temple_overflow_statue_of_worship,
          chequers_ecumenical_altar_simple_redux, serial_bayou_ford_a
D:4:      layout_loops_ring, elyvilon_altar_5, uniq_grinder

Skill      XL: |  1  2  3  4 |
---------------+-------------+-----
Summonings     | 5 |  5.7
Spellcasting   | 3 |  3.3
Dodging        | |  2.9
Stealth        | |  2.9

Action                   |  1- 3 |  4- 6 || total
-------------------------+-------+-------++-------
Melee: Unarmed           |     7 |     4 ||    11
       Bite              |     1 |       ||     1
 Cast: Summon Small Mamm |   120 |    22 ||   142
       Call Imp          |    37 |    22 ||    59
  Use: Scroll            |     2 |     2 ||     4
 Stab: Sleeping          |     1 |       ||     1
Armor: Skin              |     5 |     1 ||     6
Dodge: Dodged            |    45 |    11 ||    56
